 Dungeon Crawl Stone Soup version 0.31-a0-690-g7ce4588941 (webtiles) character file.

Game seed: 1472026317737190288

69 Essalna the Conjurer (level 4, 30/30 HPs)
             Began as a Demonspawn Conjurer on Sept 6, 2023.
             Got out of the dungeon alive.
             The game lasted 00:02:28 (1558 turns).

Essalna the Conjurer (Demonspawn Conjurer)          Turns: 1558, Time: 00:02:28

Health: 30/30      AC:  3    Str:  8    XL:     4   Next: 2%
Magic:  8/8        EV: 12    Int: 21    God:
Gold:   156        SH:  0    Dex: 11    Spells: 8/9 levels left

rFire   . . .        h - +2 dagger (venom)
rCold   . . .        (no shield)
rNeg    . . .        a - +0 robe
rPois   .            m - +0 helmet
rElec   .            (no cloak)
rCorr   .            (no gloves)
SInv    .            (no boots)
Will    .....        (no amulet)
Stlth   ++           (no ring)
HPRegen 0.25/turn    (no ring)
MPRegen 0.11/turn

%: no passive effects
@: no status effects
A: demonic guardian 1, powered by pain 1
a: no special abilities


You escaped.
You visited 1 branch of the dungeon, and saw 2 of its levels.

You collected 156 gold pieces.

Inventory:

Hand Weapons
 e - a +0 dagger
 h - a +2 dagger of venom (weapon)
Armour
 a - a +0 robe (worn)
 g - a +0 buckler
 m - a +0 helmet (worn)
Scrolls
 c - a scroll of fear {unknown}
 i - 2 scrolls of immolation {unknown}
 j - 3 scrolls of identify {unknown}
Potions
 b - a potion of magic
 d - a potion of attraction {unknown}
 f - 2 potions of degeneration {unknown}
 k - 2 potions of curing {unknown}
 l - a potion of brilliance {unknown}


   Skills:
 - Level 1.7 Dodging
 - Level 1.7 Stealth
 + Level 3.1 Spellcasting
 + Level 4.8 Conjurations


You had 8 spell levels left.
You knew the following spells:

 Your Spells              Type           Power      Damage    Failure   Level
a - Magic Dart            Conj           92%        1d7       1%          1

Your spell library contained the following spells:

 Spells                   Type           Power      Damage    Failure   Level
 Searing Ray              Conj           46%        2d6       2%          2
 Dazzling Flash           Conj/Hex       26%        N/A       14%         3
 Fulminant Prism          Conj/Hex       6%         3d6       43%         4
 Iskenderun's Mystic Bla  Conj/Tloc      13%        2d5       43%         4


Dungeon Overview and Level Annotations

Branches:
Dungeon (2/15)

Altars:


Innate Abilities, Weirdness & Mutations

A weak demonic guardian rushes to your aid.
You sometimes gain a little power by taking damage.


Message History

The magic dart hits the hobgoblin.
The hobgoblin is heavily wounded.
The magic dart hits the hobgoblin.
You kill the hobgoblin!
You can't see any susceptible monsters within range! (Use Z to cast anyway.)
You can't see any susceptible monsters within range! (Use Z to cast anyway.)
You see here an adder corpse.
A worm comes into view.
The magic dart hits the worm.
The worm is lightly wounded.
The magic dart hits the worm.
The worm is moderately wounded.
You miscast Magic Dart.
You are very lightly contaminated with residual magic.
Nothing appears to happen.
The magic dart hits the worm!
The worm is heavily wounded.
The magic dart hits the worm but does no damage.
The worm is heavily wounded.
The magic dart hits the worm.
The worm is almost dead.
The worm bites you but does no damage.
The magic dart hits the worm.
You kill the worm!
You have reached level 4!
You feel stronger.
Your demonic ancestry asserts itself...
You feel energised by your suffering.
Unknown command.
Your magical contamination has completely faded away.
You see here a +0 ring mail.
There is a stone staircase leading up here.
You climb upwards.
There is a stone staircase leading down here.
Things that are here:
5 stones; a +0 short sword
There is an open door here.
Magic restored.
There is a fountain of clear blue water here.
There is a staircase leading out of the dungeon here.
You have escaped!

#....)+....................#
#.....####################.#
##########.♣♣.♣#### ####.##
##∩♣.♣.♣.♣♣§○# #......
#..♣♣.8.8♣§♣.♣# #.#####
##♣♣.♣8..☼8§♣♣.# ##.#
#..♣.8..⌠§§8♣♣.♣##..#
#♣♣.8....§.§8.♣♣...##
♣♣..⌠.@.⌠......###
♣8.......8♣.♣##
♣.8..⌠..8.♣.♣
#♣♣.♣8...8♣.♣♣#
#..♣♣.8.8♣.♣.♣
##§..♣♣..♣.∩§# ####♣.♣♣.####
######


There were no monsters in sight!

Vanquished Creatures
  3 adders (D:2)
  A worm (D:2)
  A dart slug (D:1)
  3 ball pythons
  A giant cockroach (D:1)
  4 goblins (D:1)
  5 hobgoblins
  A quokka (D:1)
  A bat (D:2)
  2 frilled lizards
  7 kobolds
  9 rats (D:1)
38 creatures vanquished.

Notes
Turn   | Place    | Note
-------+----------+-------------------------------------------
     0 | D:1      | Essalna the Demonspawn Conjurer began the quest for the
                  | Orb.
     0 | D:1      | Reached XP level 1. HP: 13/13 MP: 3/3
   300 | D:1      | Gained mutation: A weak demonic guardian rushes to your
                  | aid. [demonic ancestry]
   300 | D:1      | Reached XP level 2. HP: 19/19 MP: 1/5
  1155 | D:2      | Reached XP level 3. HP: 24/24 MP: 4/7
  1474 | D:2      | Gained mutation: You sometimes gain a little power by
                  | taking damage. [demonic ancestry]
  1474 | D:2      | Reached XP level 4. HP: 30/30 MP: 0/8
  1558 | D:$      | Got out of the dungeon alive.

Illustrated notes

Levels and vault maps discovered:
D:1:      heliophobic_arrival_enchanted_forest, layout_basic,
          shapermc_ecumenical_altar_petra, minmay_rat_gold_closets
D:2:      layout_loops_ring

Skill      XL: |  1  2  3 |
---------------+----------+-----
Spellcasting   | 3 |  3.1
Dodging        | |  1.7
Stealth        | |  1.7
Conjurations   | |  4.8

Action                     |  1- 3 |  4- 6 || total
---------------------------+-------+-------++-------
  Melee: Dagger            |    19 |       ||    19
   Cast: Magic Dart        |    66 |       ||    66
   Stab: Sleeping          |     3 |       ||     3
 Armour: Robe              |    23 |       ||    23
  Dodge: Dodged            |    19 |       ||    19

Table legend: (Time is in decaauts)
 A = Elapsed time spent in this place.
 B = Non-inter-level travel time spent in this place.
 C = Inter-level travel time spent in this place.
 D = Time resting spent in this place.
 E = Time spent auto-exploring this place.
 F = Levels seen in this place.
 G = Mean time per level.
                   A        B        C        D        E       F      G
               +--------+--------+--------+--------+--------+-----+--------+
         Total |   1557 |   1421 |    136 |      0 |   1200 |   2 |  778.5 |
       Dungeon |   1557 |   1421 |    136 |      0 |   1200 |   2 |  778.5 |
               +--------+--------+--------+--------+--------+-----+--------+

Top non-repeatable levels by time:
     D:1: 1215 daAuts
     D:2: 341 daAuts
